 Dungeon Crawl Stone Soup version 0.22-a0-305-gd21a89c (webtiles) character file.

7425 Chaotic the Blocker (level 10, -4/94 HPs)
             Began as a Minotaur Fighter on Mar 28, 2018.
             Slain by Urug
             ... wielding a +4 demon trident of freezing
              (6 damage)
             ... on level 10 of the Dungeon.
             The game lasted 00:12:40 (8196 turns).

Chaotic the Blocker (Minotaur Fighter)              Turns: 8196, Time: 00:12:41

Health: -4/94      AC: 17    Str: 25    XL:     10   Next: 93%
Magic:  9/9        EV:  6    Int: 10    God:
Gold:   362        SH: 12    Dex:  9    Spells: 9/9 levels left

rFire    . . .     SeeInvis .   a - +1 war axe
rCold    . . .     Gourm    .   c - +0 shield
rNeg     . . .     Faith    .   B - +1 plate armour
rPois    .         Spirit   .   (helmet restricted)
rElec    .         Reflect  .   m - +0 cloak
rCorr    .         Harm     .   (no gloves)
MR       .....                  (no boots)
Stlth    ..........             (no amulet)
HPRegen  0.25/turn              h - +5 ring of intelligence
MPRegen  0.11/turn              (no ring)

@: no status effects
A: retaliatory headbutt, horns 2
a: no special abilities


You were on level 10 of the Dungeon.
You were hungry.

You visited 2 branches of the dungeon, and saw 11 of its levels.

You collected 362 gold pieces.

Inventory:

Hand Weapons
 a - a +1 war axe (weapon)
Armour
 b - a +1 scale mail
 c - a +0 shield (worn)
 m - a +0 cloak (worn)
 B - a +1 plate armour (worn)
Jewellery
 h - a +5 ring of intelligence (left hand)
 k - an uncursed ring of see invisible {unknown}
 A - an uncursed ring of wizardry {unknown}
 G - an uncursed amulet of magic regeneration {unknown}
 J - an uncursed ring of wizardry {unknown}
 L - a +2 ring of protection {unknown}
Wands
 q - a wand of paralysis (12)
 s - a wand of random effects (48)
 D - a wand of digging (9)
Scrolls
 j - 4 scrolls of immolation
 l - 9 scrolls of remove curse
 n - 2 scrolls of amnesia
 t - a scroll of vulnerability {unknown}
 y - a scroll of random uselessness
 z - 5 scrolls of teleportation
 E - a scroll of summoning {unknown}
 F - a scroll of enchant weapon
 H - a scroll of identify
 I - 2 scrolls of enchant armour
 K - a scroll of fog
Potions
 d - 3 potions of might
 e - 3 potions of haste
 g - 4 potions of brilliance
 i - 6 potions of curing
 o - 2 potions of heal wounds {unknown}
 p - 3 potions of ambrosia
 r - 4 potions of magic
 u - 2 potions of flight
 v - a potion of degeneration {unknown}
 w - 4 potions of mutation
 x - 2 potions of lignification {unknown}
 C - 3 potions of agility
Comestibles
 f - 17 rations


   Skills:
 + Level 10.6 Fighting
 + Level 10.3 Axes
 + Level 10.6 Armour
 + Level 10.7 Shields


You had 9 spell levels left.
You didn't know any spells.

Dungeon Overview and Level Annotations

Branches:
Dungeon (10/15)            Temple (1/1) D:4
   Lair: D:8-11         Orc: D:9-12

Altars:
Ashenzari
Cheibriados
Dithmenos
Elyvilon
Fedhas
Gozag
Hepliaklqana
Kikubaaqudgha
Makhleb
Nemelex Xobeh
Okawaru
Qazlal
Ru
Sif Muna
Trog
Uskayaw
Vehumet
Wu Jian
Xom
Yredelemnul
Zin
The Shining One

Annotations:
D:10 Urug


Innate Abilities, Weirdness & Mutations

You reflexively headbutt those who attack you in melee.
You have a pair of horns on your head.


Message History

The wolf bites you but does no damage. x2
Unknown command.
You barely miss the wolf. Your headbutt misses the wolf.
The wolf is severely wounded.
You block the wolf's attack.
Unknown command.
You slash the wolf!
You kill the wolf!
Unknown command.
You completely miss the wolf. The wolf bites you but does no damage.
You block the wolf's attack. Urug hits you but does no damage.
You hit the wolf.
You headbutt the wolf, but do no damage.
The wolf is lightly wounded.
The wolf bites you but does no damage. The wolf bites you.
* * * LOW HITPOINT WARNING * * *
Urug hits you from afar with a demon trident of freezing!
* * * LOW HITPOINT WARNING * * *
Urug freezes you.
You die...

.P.P.. #.....###
#....... s
#P.....#
FP##+#....P.#
.P.[...P....#
PFP...P.oP#.#
.Pg.(Pg.F.#†#
P.h.P..hh##@#
#...h..#.##h####.#
###..###.†o#.>...#
## ####.###### #..
#.# #.# #.# # #.#
#.# ## #.# #.# #.
#.# #.# ####### #.


You could see Urug and a wolf.

Vanquished Creatures
  2 two-headed ogres
  Pikel (D:9)
  A manticore (D:8)
  An ugly thing (D:9)
  A hippogriff (D:8)
  Grum (D:10)
  Duvessa (D:4)
  2 sky beasts
  2 porcupines (D:10)
  4 orc warriors
  An eye of draining (D:8)
  An ice beast (D:8)
  2 black bears
  2 phantoms
  A slave (D:9)
  3 ogres
  2 centaurs
  3 wolves (D:10)
  2 crocodiles (D:9)
  7 bullfrogs
  Dowan (D:4)
  3 scorpions
  5 killer bees (D:9)
  3 crimson imps
  4 howler monkeys
  A centaur zombie (D:9)
  2 quasits (D:8)
  2 bullfrog zombies
  6 hounds
  An orc priest (D:8)
  3 jellies
  2 bullfrog skeletons
  A centaur skeleton (D:5)
  A gnoll shaman (D:4)
  7 orc wizards
  4 worker ants
  A hound zombie (D:9)
  A hound skeleton (D:5)
  A worker ant zombie (D:6)
  6 gnolls (D:4)
  16 adders
  2 river rats (D:3)
  2 shadow imps
  2 oozes
  4 adder skeletons
  An adder zombie (D:6)
  A worm (D:4)
  3 dart slugs
  8 leopard geckos
  29 orcs
  2 ball pythons
  5 giant cockroaches
  30 goblins
  12 hobgoblins
  4 iguanas
  21 jackals
  14 kobolds
  6 quokkas
  2 bats
  7 frilled lizards
  A leopard gecko skeleton (D:4)
  A quokka skeleton (D:6)
  11 rats
279 creatures vanquished.

Vanquished Creatures (others)
  3 fungi (D:10)
3 creatures vanquished.

Grand Total: 282 creatures vanquished

Notes
Turn   | Place    | Note
-------+----------+-------------------------------------------
     0 | D:1      | Chaotic the Minotaur Fighter began the quest for the Orb.
     0 | D:1      | Reached XP level 1. HP: 19/19 MP: 0/0
    67 | D:1      | Reached XP level 2. HP: 27/27 MP: 1/1
   509 | D:2      | Reached XP level 3. HP: 29/33 MP: 2/2
   597 | D:2      | Noticed an ogre
   614 | D:2      | Killed an ogre
   614 | D:2      | Reached XP level 4. HP: 14/41 MP: 3/3
   614 | D:2      | Reached XP level 5. HP: 16/47 MP: 4/4
  1520 | D:3      | Found a shimmering altar of Xom.
  1591 | D:3      | Reached skill level 5 in Fighting
  1591 | D:3      | Reached skill level 5 in Shields
  1703 | D:3      | Found a basalt altar of Yredelemnul.
  1720 | D:3      | Reached skill level 5 in Armour
  2056 | D:3      | Reached XP level 6. HP: 49/56 MP: 5/5
  2206 | D:3      | Found a shimmering altar of Xom.
  2267 | D:3      | Found an iron altar of Okawaru.
  2554 | D:4      | Found a staircase to the Ecumenical Temple.
  2607 | D:5      | Entered Level 5 of the Dungeon
  3055 | D:4      | Reached skill level 5 in Axes
  3060 | D:4      | Reached XP level 7. HP: 52/62 MP: 6/6
  3110 | Temple   | Entered the Ecumenical Temple
  3795 | D:4      | Noticed Duvessa
  3796 | D:4      | Noticed Dowan
  3811 | D:4      | Killed Duvessa
  3813 | D:4      | Killed Dowan
  3847 | D:4      | Found a sparkling altar of Nemelex Xobeh.
  3930 | D:4      | Found a stormy altar of Qazlal.
  3931 | D:4      | Noticed a water elemental
  3931 | D:4      | Noticed a fire elemental
  3931 | D:4      | Noticed an air elemental
  4318 | D:5      | Reached XP level 8. HP: 64/71 MP: 7/7
  5161 | D:6      | Found an opulent altar of Gozag.
  5215 | D:6      | Found a blossoming altar of Fedhas.
  5611 | D:6      | Found a shadowy altar of Dithmenos.
  5778 | D:6      | Reached XP level 9. HP: 81/81 MP: 8/8
  6566 | D:7      | Found a stormy altar of Qazlal.
  6689 | D:8      | Noticed a manticore
  6705 | D:8      | Killed a manticore
  6844 | D:8      | Found a deep blue altar of Sif Muna.
  6936 | D:8      | Found a white marble altar of Elyvilon.
  7002 | D:8      | Noticed a two-headed ogre
  7026 | D:8      | Killed a two-headed ogre
  7026 | D:8      | Reached XP level 10. HP: 43/91 MP: 9/9
  7557 | D:9      | Noticed a two-headed ogre
  7567 | D:9      | Killed a two-headed ogre
  7567 | D:9      | Reached skill level 10 in Armour
  7567 | D:9      | Reached skill level 10 in Shields
  7574 | D:9      | Reached skill level 10 in Fighting
  7602 | D:9      | Identified the Disquisition on Hexes
  7676 | D:9      | Found a hazy altar of Hepliaklqana.
  7826 | D:9      | Noticed a white ugly thing
  7834 | D:9      | Killed a white ugly thing
  7834 | D:9      | Reached skill level 10 in Axes
  7847 | D:9      | Noticed Pikel
  7852 | D:9      | Killed Pikel
  7979 | D:10     | Entered Level 10 of the Dungeon
  8150 | D:10     | Noticed Urug
  8153 | D:10     | Noticed Grum
  8185 | D:10     | Killed Grum
  8196 | D:10     | HP: 2/94 [Urug/demon trident of freezing (16)]
  8196 | D:10     | Slain by Urug

Vault maps used:
D:1:      grunt_arrival_lava_bath, minivault_14, minmay_misc_feat_four_crosses,
          hangedman_glass_teeth
D:3:      okawaru_trees_1, yredelemnul_altar_generic, xom_butterflies,
          gup_sewer_entry_spiral, dk_xom_monty_hall
D:4:      corexii_shantytown, old_standard_altar, temple_pool_b,
          skrybe_limestone_x, nicolae_qazlal_style_of_elements, uniq_duvessa
D:5:      first_ration
D:6:      nicolae_dithmenos_the_darkroom, fedhas_altar_2,
          grunt_gozag_breadcrumbs, minivault_27, abandoned_shop
D:7:      kennysheep_mini, grunt_ogre_cave
D:8:      lemuel_crystal_altar, lemuel_doored_altar
D:9:      lemuel_tele_altar, uniq_pikel
D:10:     grunt_lair_entry_orc_guard_hut, corexii_leaking_fountain, uniq_erica,
          uniq_urug, uniq_grum
Temple:   minmay_temple_forest_path

Skill      XL: |  1  2  3  4  5  6  7  8  9 10 |
---------------+-------------------------------+-----
Armour         | 4 5 6 7 9 10 | 10.6
Shields        | 4 5 6 7 9 10 | 10.7
Fighting       | 4 5 6 7 9 10 | 10.6
Axes           | 3 4 5 6 7 9 10 | 10.3

Action                   |  1- 3 |  4- 6 |  7- 9 | 10-12 || total
-------------------------+-------+-------+-------+-------++-------
Melee: War axe           |    69 |   216 |   426 |   156 ||   867
       Headbutt          |    11 |    35 |    64 |    35 ||   145
  Use: Scroll            |       |       |    20 |       ||    20
  Eat: Chunk             |       |     7 |    11 |     3 ||    21
       Ration            |       |       |     1 |       ||     1
Armor: Scale mail        |    21 |    90 |    34 |       ||   145
       Plate armour      |       |       |   183 |    72 ||   255
Dodge: Dodged            |    19 |    82 |   112 |    30 ||   243
Block: Shield            |    37 |   132 |   240 |    95 ||   504

Table legend:
 A = Spawn XP
 B = Non-spawn XP
 C = Spawn XP percentage of total XP
 D = Spawn monster count
 E = Non-spawn monster count
 F = Spawn count percentage of total count
 G = Total turns spent on level
                    A         B        C        D         E        F      G
               +---------+---------+-------+---------+---------+-------+---------
         Total |       0 |   10608 |   0.0 |       0 |     278 |   0.0 |  8196
               +---------+---------+-------+---------+---------+-------+---------
           D:1 |       0 |      35 |   0.0 |       0 |      22 |   0.0 |   488
           D:2 |       0 |     200 |   0.0 |       0 |      24 |   0.0 |   916
           D:3 |       0 |     281 |   0.0 |       0 |      57 |   0.0 |  1096
           D:4 |       0 |     770 |   0.0 |       0 |      65 |   0.0 |   886
           D:5 |       0 |     485 |   0.0 |       0 |      13 |   0.0 |  1330
           D:6 |       0 |    1203 |   0.0 |       0 |      24 |   0.0 |   750
           D:7 |       0 |     557 |   0.0 |       0 |      14 |   0.0 |   790
           D:8 |       0 |    2953 |   0.0 |       0 |      31 |   0.0 |   791
           D:9 |       0 |    3005 |   0.0 |       0 |      19 |   0.0 |   499
          D:10 |       0 |    1119 |   0.0 |       0 |       9 |   0.0 |   217
               +---------+---------+-------+---------+---------+-------+---------
